 Dungeon Crawl Stone Soup version 0.27.1-3-gb3d3a73c9e (webtiles) character file.

Game seed: 6586492854564450819

76 Doot the Stinger (level 4, 0/27 HPs)
             Began as an Octopode Venom Mage on Oct 22, 2021.
             Was a Follower of Nemelex Xobeh.
             Splashed by a jelly's acid (11 damage)
             ... on level 3 of the Dungeon.
             The game lasted 00:06:50 (2966 turns).

Doot the Stinger (Octopode Venom Mage)              Turns: 2966, Time: 00:06:50

Health: 0/27       AC:  1    Str:  7    XL:     4   Next: 32%
Magic:  6/8        EV: 13    Int: 18    God:    Nemelex Xobeh [*.....]
Gold:   70         SH:  0    Dex: 12    Spells: 2/8 levels left

rFire    . . .     SeeInvis .   a - +0 dagger
rCold    . . .     Faith    .   (no shield)
rNeg     . . .     Spirit   .   (helmet restricted)
rPois    .         Reflect  .   (no amulet)
rElec    .         Harm     .   (no ring)
rCorr    .         Rampage  .   (no ring)
Will     .....                  (no ring)
Stlth    +++.......             (no ring)
HPRegen  0.09/turn              (no ring)
MPRegen  0.11/turn              (no ring)
                                (no ring)
                                (no ring)

@: no status effects
A: almost no armour, amphibious, 8 rings, camouflage 1, gelatinous body 1,
(nimble swimmer 1), tentacles
a: Renounce Religion, Draw Escape, Draw Destruction, Draw Summoning


You were on level 3 of the Dungeon.
You worshipped Nemelex Xobeh.
Nemelex Xobeh was aware of your devotion.
You visited 1 branch of the dungeon, and saw 3 of its levels.

You collected 70 gold pieces.

Inventory:

Hand Weapons
 a - a +0 dagger (weapon)
Scrolls
 d - a scroll of teleportation {unknown}
 e - a scroll of identify {unknown}
 g - a scroll of enchant weapon {unknown}
 h - a scroll of magic mapping {unknown}
Potions
 b - 2 potions of might {unknown}
 c - 3 potions of curing {unknown}
 f - a potion of degeneration {unknown}


   Skills:
 + Level 2.1 Dodging
 + Level 2.8 Stealth
 + Level 2.7 Spellcasting
 + Level 1.5 Transmutations
 + Level 1.1 Air Magic
 + Level 4.6 Poison Magic
 * Level 0.2 Invocations


You had 2 spell levels left.
You knew the following spells:

 Your Spells              Type           Power      Damage    Failure   Level
a - Sting                 Tmut/Pois      52%        1d5       4%          1
b - Poisonous Vapours     Pois/Air       26%        N/A       8%          2
c - Mephitic Cloud        Conj/Pois/Air  9%         N/A       22%         3

Your spell library contained the following spells:

 Spells                   Type           Power      Damage    Failure   Level
 Olgreb's Toxic Radiance  Pois           19%        N/A       24%         4


Dungeon Overview and Level Annotations

Branches:
Dungeon (3/15)

Altars:
Nemelex Xobeh
Okawaru
Ru

Shops:
D:3 [


Innate Abilities, Weirdness & Mutations

You cannot wear most types of armour.
You are amphibious.
You can wear up to eight rings at the same time.
Your skin changes colour to match your surroundings (Stealth+).
Your rubbery body absorbs attacks. (AC +1, EV +1)
((You are camouflaged near water. (Stealth+)))
You have tentacles for arms and can constrict up to eight enemies at once.


Message History

There is an open door here.
You open the door.
A jelly comes into view.
A goblin comes into view. It is wielding a +0 club.
There are monsters nearby!
Casting: Sting (safe; 4% risk of failure)
Confirm with . or Enter, or press ? or * to list all spells.
Aiming: Poisonous Vapours (safe; 8% risk of failure)
Press: ? - help, Dir - move target, f - goblin
Aim: a goblin, wielding a +0 club and quivering stones (wandering, hasn't noticed you) Poisonous vapours surround the goblin!
The goblin is poisoned.
Unknown command.
There is an open door here.
The goblin throws a stone.
The stone closely misses you.
The sting hits the jelly.
The jelly is poisoned.
The jelly is lightly wounded.
The sting hits the jelly.
The jelly partially resists.
The jelly is lightly wounded.
You kill the goblin!
There is an open door here.
The jelly looks more healthy.
The sting hits the jelly.
The jelly is poisoned.
The jelly is moderately wounded.
The jelly hits you but does no damage.
You hit the jelly.
Your tentacles burn!
The jelly is severely wounded.
The jelly hits you. The acid corrodes you!
You are splashed with acid!
The jelly looks more healthy.
You are too injured to fight recklessly!
You aren't carrying any items that you can evoke.
Okay, then.
There is an entrance to Jogurecih's Armour Emporium here.
You are no longer corroded.
You draw a card...
You have drawn Pain.
Press: ? - help, Shift-Dir - straight line, f/p - jelly
Aim: a jelly (severely wounded)
The jelly convulses!
The jelly hits you.
You are splashed with acid!
You die...
Your body disappears without a glow.

### ########.# .........#
#############.# .# .
#..∩.....J@...#######.#.
#.#.................#... ###
#.#.#########........# ..#
#.#.#.......'........# ..#
#.#.#.#######........# #
..#####.#.#.# #........# .#
..'.....#.#.#
#........##.###
..#######.#.#
#........†..... ..#
#....#.##########'#...<#.###


You could see a jelly.

Vanquished Creatures
  A worm (D:2)
  2 dart slugs
  9 ball pythons
  6 bats
  3 endoplasms
  2 giant cockroaches (D:2)
  11 goblins
  4 hobgoblins
  5 jackals (D:2)
  11 kobolds
  A quokka (D:1)
  A frilled lizard (D:2)
  6 rats
62 creatures vanquished.

Notes
Turn   | Place    | Note
-------+----------+-------------------------------------------
     0 | D:1      | Doot the Octopode Venom Mage began the quest for the Orb.
     0 | D:1      | Reached XP level 1. HP: 11/11 MP: 3/3
   161 | D:1      | Reached skill level 4 in Poison Magic
   237 | D:1      | Reached XP level 2. HP: 17/17 MP: 1/5
   240 | D:1      | Learned a level 2 spell: Poisonous Vapours
   811 | D:1      | Reached XP level 3. HP: 21/21 MP: 0/6
   929 | D:1      | Found a faded altar of an unknown god.
   933 | D:1      | Became a worshipper of Nemelex Xobeh the Trickster
   933 | D:1      | Reached * piety under Nemelex Xobeh
  1016 | D:1      | Learned a level 3 spell: Mephitic Cloud
  1923 | D:2      | Reached skill level 1 in Air Magic
  2045 | D:2      | Reached XP level 4. HP: 27/27 MP: 4/8
  2514 | D:2      | Received a gift from Nemelex Xobeh
  2887 | D:3      | Found a sacrificial altar of Ru.
  2898 | D:3      | Found an iron altar of Okawaru.
  2904 | D:3      | Found Jogurecih's Armour Emporium.
  2966 | D:3      | Splashed by a jelly's acid

Illustrated notes

Levels and vault maps discovered:
D:1:      heliophobic_arrival_battle_scene, layout_basic,
          shapermc_ecumenical_altar_acropolis
D:2:      layout_basic, serial_corexii_hall, chequers_hall_statues_y,
          corexii_hall_statues_s, corexii_hall_statues_deadend
D:3:      layout_basic, nicolae_overflow_quartered_altars, serial_shops, shop

Skill      XL: |  1  2  3 |
---------------+----------+-----
Poison Magic   | 4 |  4.6
Air Magic      | 1 |  1.1
Dodging        | |  2.1
Stealth        | |  2.8
Spellcasting   | |  2.7
Transmutations | |  1.5
Invocations    | |  0.2

Action                   |  1- 3 |  4- 6 || total
-------------------------+-------+-------++-------
Melee: Dagger            |    15 |     4 ||    19
       Constrict         |     5 |     2 ||     7
       Tentacles         |       |     2 ||     2
 Cast: Sting             |    45 |    21 ||    66
       Poisonous Vapours |    28 |    10 ||    38
Invok: Draw Destruction  |       |     1 ||     1
Armor: Skin              |     3 |     4 ||     7
Dodge: Dodged            |    23 |    15 ||    38
